 Dungeon Crawl Stone Soup version 0.32-a0-981-g384da2ce10 (webtiles) character file.

Game seed: 3360826518455496661

647414 jasper the Conqueror (level 27, -23/273 HPs)
             Began as a Mountain Dwarf Berserker on Apr 20, 2024.
             Was the Champion of Zin.
             Killed from afar by a Brimstone Fiend (27 damage)
             ... with damnation
             ... in Pandemonium.
             The game lasted 02:03:15 (78874 turns).

jasper the Conqueror (Mountain Dwarf Berserker)    Turns: 78874, Time: 02:03:15

Health: -23/273    AC: 52    Str: 34 (35) XL:     27
Magic:  46/46      EV: 18    Int: 21      God:    Zin [******]
Gold:   1179       SH: 33    Dex: 26      Spells: 26/26 levels left

rFire   + + .        S - +8 mithril axe "Arga" {speed, Will+}
rCold   + + .        T - +0 tower shield
rNeg    + + .        z - +11 gold dragon scales
rPois   ∞            Z - +2 helmet "Kofos" {rPois rN++ MP+9 Dex+3}
rElec   +            s - +1 cloak {Will+}
rCorr   +            q - +1 pair of gloves {Dex+3}
SInv    .            f - +0 pair of boots {Fly}
Will    +++++        U - amulet of Gaar {Reflect rElec rF+ SH+5} Stlth
                     X - ring "Vihum" {Will+ rCorr Int+4 Slay+2}
HPRegen 0.65/turn    u - ring "Cufinuiski" {+Blink rC+ EV+5 Int+2}
MPRegen 0.30/turn

%: reflection
@: vitalised, on recite cooldown, flying, slowed, studying 2 skills, very slow
A: runic magic, artefact enchanting, hooves 1, iridescent scales 1,
deterioration 1, weak 1
}: 4/15 runes: decaying, serpentine, slimy, silver
a: Renounce Religion, Evoke Blink, Recite, Vitalisation, Imprison, Sanctuary,
Donate Gold


You were in Pandemonium.
You worshipped Zin.
Zin was exalted by your worship.
You visited 12 branches of the dungeon, and saw 56 of its levels.
You visited Pandemonium 1 time, and saw 9 of its levels.
You also visited: Trove, Ossuary, Bailey and Ice Cave.

You collected 10284 gold pieces.
You spent 1874 gold pieces at shops.
You donated 7231 gold pieces to Zin.

Inventory:

Hand Weapons
 G - a +7 antimagic broad axe
 S - the +8 mithril axe "Arga" (weapon) {speed, Will+}
   (You found it in a treasure trove)

   Will+:     It increases your willpower.
Missiles
 C - 13 javelins
 R - 2 throwing nets
Armour
 f - a +0 pair of boots of flying (worn)
 q - a +1 pair of gloves of dexterity (worn)
 s - a +1 cloak of willpower (worn)
 z - +11 gold dragon scales (worn)
 D - the +18 shield of the Gong {Loud rN+ Will+ rCorr EV-5}
   (You found it on level 5 of the Vaults)

   Loud:      It is deafeningly noisy when blocking attacks.
   EV-5:      It affects your evasion (-5).
   rN+:       It protects you from negative energy.
   Will+:     It increases your willpower.
   rCorr:     It protects you from acid and corrosion.
 T - a +0 tower shield (worn)
 Z - the +2 helmet "Kofos" (worn) {rPois rN++ MP+9 Dex+3}
   (You acquired it on level 15 of the Dungeon)

   Dex+3:     It affects your dexterity (+3).
   rPois:     It protects you from poison.
   rN++:      It greatly protects you from negative energy.
   MP+9:      It affects your magic capacity (+9).
Jewellery
 h - a ring of fire
 u - the ring "Cufinuiski" (right hand) {+Blink rC+ EV+5 Int+2}
   (You found it on level 5 of the Lair of Beasts)

   [ring of evasion]

   EV+5:      It affects your evasion (+5).
   Int+2:     It affects your intelligence (+2).
   rC+:       It protects you from cold.
   +Blink:    It lets you blink.
 K - the dreamshard necklace {Acrobat *Dream}
   (You found it on level 1 of the Vaults)

   [amulet of the acrobat]

   *Dream:    It absorbs a single lethal wound into itself, holding its wearer
   just short of death and releasing dream-creatures to guard them.
   Acrobat:   It increases your evasion while moving and waiting.
 U - the amulet of Gaar (around neck) {Reflect rElec rF+ SH+5}
   (You took it off a centaur warrior on level 10 of the Dungeon)

   [amulet of reflection]

   Reflect:   It reflects blocked missile attacks.
   rF+:       It protects you from fire.
   rElec:     It insulates you from electricity.
   SH+5:      It affects your SH (+5).
 X - the ring "Vihum" (left hand) {Will+ rCorr Int+4 Slay+2}
   (You found it on level 10 of the Dungeon)

   [ring of willpower]

   Int+4:     It affects your intelligence (+4).
   Slay+2:    It affects your accuracy & damage with ranged weapons and melee
   (+2).
   Will+:     It increases your willpower.
   rCorr:     It protects you from acid and corrosion.
Wands
 a - a wand of paralysis (66)
 d - a wand of warping (47)
 j - a wand of flame (121)
 H - a wand of mindburst (31)
 M - a wand of digging (12)
 Q - a wand of acid (7)
Scrolls
 b - 13 scrolls of fog
 c - 12 scrolls of poison
 e - 7 scrolls of silence
 i - 8 scrolls of butterflies
 m - 8 scrolls of vulnerability
 t - 6 scrolls of revelation
 v - 19 scrolls of teleportation
 y - 9 scrolls of immolation
 B - 15 scrolls of fear
 E - 11 scrolls of blinking
 I - 7 scrolls of noise
Potions
 g - 4 potions of cancellation
 k - 6 potions of haste
 l - 6 potions of might
 n - 6 potions of ambrosia
 o - 9 potions of invisibility
 r - 24 potions of curing
 w - 5 potions of attraction
 x - 9 potions of resistance
 F - 8 potions of enlightenment
 J - 5 potions of mutation
 O - a potion of heal wounds
Miscellaneous
 A - a phantom mirror
 N - a condenser vane
 P - a lightning rod (4/4)


   Skills:
 O Level 27 Fighting
 - Level 18.0 Axes
 O Level 27 Armour
 - Level 7.8 Dodging
 - Level 1.0 Stealth
 O Level 27 Shields
 + Level 21.1 Invocations
 - Level 16.5 Evocations


You had 26 spell levels left.
You didn't know any spells.
Your spell library contained the following spells:

 Spells                   Type           Power      Damage    Failure   Level
 Ensorcelled Hibernation  Hex/Ice        0%         N/A       36%         2
 Fugue of the Fallen      Necr           0%         N/A       58%         3
 Anguish                  Hex/Necr       0%         N/A       94%         4
 Summon Blazeheart Golem  Fire/Summ      0%         N/A       94%         4
 Orb of Destruction       Conj           0%         9d5       100%        7
 Spellforged Servitor     Conj/Summ      0%         N/A       100%        7


Dungeon Overview and Level Annotations

Branches:
Dungeon (15/15)            Temple (0/1) D:7            Lair (5/5) D:8
  Swamp (4/4) Lair:2        Snake (4/4) Lair:3        Slime (5/5) Lair:4
    Orc (2/2) D:10            Elf (3/3) Orc:2        Vaults (5/5) D:13
  Crypt (3/3) Vaults:2       Tomb (0/3) Crypt:3      Depths (4/4) D:15
   Hell (visited)             Dis (0/7) Hell            Geh (0/7) Hell
    Coc (0/7) Hell            Tar (0/7) Hell            Zot (5/5) Depths:4
Ossuary (visited)          Bailey (visited)           IceCv (visited)

Altars:
Ashenzari
Dithmenos
Elyvilon
Kikubaaqudgha
Okawaru
Qazlal
Trog
Yredelemnul
Zin
The Shining One
Jiyva

Shops:
D:7 :[:   D:10 =   Orc:2 *((=   Elf:1 (   Elf:2 **   Snake:1 ?(   Snake:2 (
Vaults:4 ?   Depths:4 :==

Portals:
Hell: Depths:1 Depths:2 Depths:3 Depths:4
Abyss: Depths:2 Depths:3
Pandemonium: Depths:1 Depths:2
Ziggurat: Depths:3

Annotations:
Slime:5 exclusion: upstairs
Zot:5 1 exclusion


Innate Abilities, Weirdness & Mutations

Your spellcasting is much less encumbered by armour.
You can use scrolls of enchantment on lesser artefacts.
You have large cloven feet.
You are partially covered in iridescent scales. (AC +2)
Your body sometimes deteriorates upon taking damage.
You are weak. (Str -2)


Message History

You slash the ynoxinul!
You are engulfed in blazing flames.
You resist. You block the ynoxinul's attack.
You block the Brimstone Fiend's attack. x3
You slice the Brimstone Fiend!!
The Brimstone Fiend is heavily wounded.
You slice the ynoxinul!!
You kill the ynoxinul!
The ufetubus disappears in a puff of smoke! x3
You are engulfed in blazing flames.
You resist.
A soul eater comes into view.
You block the Brimstone Fiend's attack. x3
Your life force feels restored.
You slash the Brimstone Fiend!
The Brimstone Fiend is heavily wounded.
You are engulfed in blazing flames.
You resist. The Brimstone Fiend closely misses you.
You block the Brimstone Fiend's attack. x2
You barely miss the Brimstone Fiend.
The Brimstone Fiend is heavily wounded.
You are engulfed in blazing flames.
You resist.
You block the Brimstone Fiend's attack. x2
The Brimstone Fiend hits you but does no damage.
You slash the Brimstone Fiend!
The Brimstone Fiend is severely wounded.
You slash the Brimstone Fiend!
You are engulfed in blazing flames.
You resist.
* * * LOW HITPOINT WARNING * * *
The Brimstone Fiend gestures at you.
The sphere of damnation explodes!
The damnation engulfs you!!!
* * * LOW HITPOINT WARNING * * *
The damnation engulfs the Brimstone Fiend.
The Brimstone Fiend completely resists.
The damnation engulfs the Brimstone Fiend.
The Brimstone Fiend completely resists.
Imagewuc gestures.
Imagewuc blinks!
You block the Brimstone Fiend's attack. x3
You take 41 damage, and have 3/273 hp.
You hit the Brimstone Fiend but do no damage.
The Brimstone Fiend is lightly wounded.
You slash the Brimstone Fiend!
You are engulfed in blazing flames.
You resist. The Brimstone Fiend gestures at you.
The sphere of damnation explodes!
The damnation engulfs you!!
You die...

........................#
....
.........####...........#
.........# ###.........#
.........# ##........#
.......#.## ###.....#####
......##..# #.§..##.....#
.....# ##.# ##§....&.####
#..## #.## ##1.....### ..
#..###@##§...#
##..##1##..56# ###
#....3..5##.###..####
#...........#####1#.^.....
..##......### #.#.......
###....# ##........ ###..#
#63...... ##.# #....5...
##. ##.&#.#.#


You could see Imagewuc (agile, weak-willed), 2 Brimstone Fiends and a soul
eater.

Vanquished Creatures
  the Royal Jelly (Slime:5)
  2 dread liches
  Frederick (Depths:3)
  3 ancient liches (Vaults:5)
  A juggernaut (Depths:3)
  Boris (twice) (Vaults:1 Vaults:4)
  3 pandemonium lords (Pan)
  3 Killer Klowns
  Saint Roka (Snake:2)
  4 curse toes
  Geryon (Hell)
  2 caustic shrikes (Depths:3)
  10 golden dragons
  Nikola (Elf:1)
  2 bone dragons
  2 Brimstone Fiends (Pan)
  4 electric golems
  Jorgrun (D:14)
  18 tentacled monstrosities
  Asterion (Elf:3)
  6 liches
  An Ice Fiend (Pan)
  A tainted leviathan (Hell)
  A Hell Sentinel (Pan)
  9 sphinxes
  12 acid blobs
  A walking earthen tome (Depths:3)
  3 titans
  2 deep elf master archers (Elf:3)
  A walking divine tome (Depths:2)
  7 quicksilver dragons
  8 shadow dragons
  2 thorn hunters
  11 ancient champions
  Frances (Elf:1)
  12 death cobs
  An Executioner (Pan)
  14 storm dragons
  Agnes (Snake:4)
  The ghost of jkt the Bewitcher, an adept SpEn of Jiyva (Vaults:1)
  8 tengu reavers
  10 azure jellies
  Aizul (Swamp:2)
  10 rockslimes
  3 revenants
  Donald (Orc:2)
  2 protean progenitors (Zot:2)
  5 draconian knights
  2 draconian monks (Zot:5)
  2 demonspawn warmongers (Pan)
  12 frost giants
  8 fire giants
  A draconian shifter (Zot:5)
  9 nagarajas
  3 deep elf elementalists
  An emperor scorpion (D:15)
  19 vault wardens
  2 iron dragons
  2 draconian scorchers
  4 ghost moths
  4 deep elf sorcerers (Elf:3)
  6 balrugs
  A caustic shrike zombie (Crypt:3)
  7 ghouls
  6 draconian annihilators
  2 curse skulls (Crypt:2)
  A spriggan defender (Depths:1)
  7 cacodemons (Pan)
  18 ironbound preservers
  10 quicksilver oozes
  22 very ugly things
  7 reapers
  11 stone giants
  2 formless jellyfish
  5 demonspawn blood saints (Pan)
  6 lorocyprocas (Pan)
  5 ironbound thunderhulks
  5 eleionomae
  2 demonspawn black suns (Pan)
  6 deep elf demonologists
  6 draconian stormcallers
  11 vampire knights
  12 deep elf annihilators
  11 deep elf death magi
  Nessos (Lair:5)
  6 purple draconians
  4 red draconians
  7 war gargoyles
  9 black draconians
  6 white draconians
  5 green draconians
  6 putrid mouths (Hell)
  5 yellow draconians
  10 spark wasps
  8 bunyips
  9 dire elephants
  10 eidola
  6 blizzard demons
  A mummy priest (Crypt:3)
  11 ettins
  A crystal guardian (Vaults:4)
  3 green deaths
  2 jiangshi
  10 deep elf high priests
  8 fire dragons
  9 great orbs of eyes
  2 rakshasas
  Josephine (D:15)
  30 vault guards
  16 yaktaur captains
  3 shambling mangroves
  8 ice dragons
  19 hydras
  A juggernaut simulacrum (Depths:3)
  10 ironbound frosthearts
  A quicksilver dragon skeleton (Crypt:3)
  5 ghost crabs
  5 hell beasts
  A catoblepas (Lair:4)
  6 ogre magi
  A satyr (shapeshifter) (Vaults:5)
  18 two-headed ogres
  2 peacekeepers (Vaults:4)
  2 spriggan air magi
  5 alligators
  7 boulder beetles
  3 centaur warriors
  6 death knights
  6 anacondas
  31 dancing weapons
  3 deep troll shamans
  10 tengu warriors
  15 hell hogs
  3 death yaks (Lair:5)
  A titan zombie (Crypt:3)
  A demonic crawler (Depths:1)
  8 vampire magi
  Urug (Lair:2)
  8 deep troll earth magi
  11 shock serpents
  9 naga warriors
  4 occultists
  2 orc high priests
  16 deep elf knights
  22 sun demons
  18 soul eaters
  14 naga sharpshooters
  20 hell knights
  8 spriggans
  5 spriggan berserkers
  10 skeletal warriors
  3 iron trolls
  10 deep elf archers
  A shadow wraith (Crypt:3)
  A death drake (shapeshifter) (Vaults:4)
  10 sixfirhies (Pan)
  4 goliath frogs
  2 shadow demons (Pan)
  2 bunyip zombies (Crypt:2)
  A mana viper (Snake:4)
  6 flayed ghosts
  A titan skeleton (Crypt:2)
  A sea snake (shapeshifter) (Vaults:5)
  A swamp dragon (shapeshifter) (Vaults:5)
  A quicksilver dragon simulacrum (Depths:1)
  5 glowing orange brains
  3 spriggan druids
  A mana viper (shapeshifter) (D:10)
  2 salamander mystics (Snake:4)
  3 anaconda zombies
  9 bog bodies
  9 swamp dragons
  2 naga ritualists (Snake:4)
  12 arcanists
  19 ironbound convokers
  52 deep trolls
  An iron giant skeleton (Crypt:3)
  34 deep elf pyromancers
  An obsidian bat (Orc:2)
  18 phantasmal warriors
  4 thermic dynamos
  26 deep elf zephyrmancers
  14 necromancers
  16 lindwurms
  The ghost of jfitz the Thaumaturge, a novice DEAE of Sif Muna (D:8)
  2 harpies
  3 large abominations (Pan)
  5 lightning spires (Zot:4)
  An orc knight (Vaults:5)
  34 ugly things
  5 cyclopes
  Maurice (D:9)
  An alligator zombie (Crypt:2)
  A stone giant zombie (Hell)
  2 will-o-the-wisps (Swamp:4)
  An iron dragon zombie (Hell)
  3 shining eyes
  2 orc sorcerers
  6 manticores
  10 salamanders
  22 moths of wrath
  A moth of wrath (shapeshifter) (D:15)
  A formless jellyfish zombie (Crypt:2)
  33 black mambas
  7 elephants
  Joseph (Lair:1)
  2 ice statues (IceCv)
  A meliai (D:10)
  2 naga zombies
  2 kobold blastminers
  12 naga magi
  18 vault sentinels
  A human skeleton (Crypt:2)
  7 molten gargoyles
  8 guardian serpents
  2 eyes of devastation
  5 orange demons (Pan)
  A guardian serpent (shapeshifter) (Elf:1)
  2 centaur skeletons
  8 rust devils
  11 cane toads
  Jeremiah (D:6)
  A torpor snail (Lair:5)
  A gargoyle (D:12)
  12 smoke demons
  2 rime drakes (D:14)
  2 storm dragon simulacra
  An unseen horror (D:11)
  2 sea snake zombies (Hell)
  10 komodo dragons
  A hellion (Hell)
  13 freezing wraiths
  5 tengu conjurers
  4 efreet
  A sea snake skeleton (Hell)
  8 ice devils
  4 tormentors (Pan)
  44 yaktaurs
  A yellow draconian skeleton (Crypt:3)
  A green draconian skeleton (Crypt:2)
  7 guardian mummies (Crypt:3)
  A harpy zombie (Crypt:3)
  3 red devils
  2 hydra zombies (Hell)
  4 hellwings (Pan)
  20 trolls
  A death drake zombie (Crypt:1)
  6 tyrant leeches
  A death drake skeleton (Crypt:1)
  4 glass eyes
  5 polar bears
  10 hornets
  A tarantella (shapeshifter) (D:15)
  3 blink frogs (Lair:1)
  An ettin zombie (Crypt:1)
  2 hydra skeletons (Hell)
  A dream sheep (shapeshifter) (D:15)
  A human simulacrum (Hell)
  91 slime creatures
  A spriggan (shapeshifter) (Elf:2)
  A guardian serpent skeleton (Crypt:2)
  2 shadows
  An air elemental (Zot:4)
  64 yaks
  2 vampires (Crypt:3)
  A black mamba skeleton (Hell)
  12 wyverns
  7 water elementals
  16 wraiths
  8 ynoxinuls (Pan)
  2 wargs
  3 dire elephant simulacra
  14 basilisks
  An alligator snapping turtle simulacrum (Hell)
  3 golden eyes (Slime:3)
  A golden eye (shapeshifter) (Elf:3)
  4 steam dragons
  5 fire elementals
  12 vampire mosquitoes
  Grum (D:9)
  A neqoxec (Pan)
  A minotaur simulacrum (Crypt:3)
  A redback (shapeshifter) (D:13)
  5 chaos spawn (Pan)
  A death yak simulacrum (IceCv)
  9 swamp worms
  A glowing shapeshifter zombie (Depths:3)
  A harpy simulacrum (Crypt:3)
  28 nagas
  2 faun zombies
  Edmund (D:5)
  2 hydra simulacra
  An acid dragon (D:9)
  A demonspawn zombie (Crypt:1)
  10 hell hounds
  26 water moccasins
  A glowing shapeshifter skeleton (Depths:3)
  11 swamp drakes
  A naga skeleton (Hell)
  25 orc warriors
  A sky beast (D:5)
  4 black bears
  13 laughing skulls
  A dream sheep zombie (Crypt:2)
  A deep troll skeleton (Hell)
  An ice beast (D:5)
  An ettin simulacrum (Crypt:2)
  28 ogres
  A boggart (D:10)
  21 wolves
  A centaur (D:8)
  2 phantoms (D:5)
  3 kobold brigands
  An elf zombie (Ossuary)
  3 earth elementals
  A gnoll sergeant (D:10)
  18 bullfrogs
  5 scorpions
  A cane toad simulacrum (IceCv)
  5 two-headed ogre simulacra
  A warg zombie (Crypt:1)
  A burial acolyte (Ossuary)
  A warg skeleton (Crypt:2)
  16 killer bees
  2 elephant simulacra
  A polar bear zombie (Crypt:3)
  An electric eel (Lair:4)
  5 howler monkeys
  A wolf skeleton (Crypt:2)
  5 lava snakes (Lair:5)
  A bombardier beetle (D:5)
  A jelly (Lair:4)
  3 centaur zombies (Ossuary)
  3 human zombies (Ossuary)
  Crazy Yiuf (D:3)
  20 orc priests
  2 hounds
  A gnoll bouda (D:9)
  2 iguanas (D:5)
  3 sleepcaps
  Ijyb (D:3)
  28 orc wizards
  A polar bear simulacrum (IceCv)
  5 troll simulacra
  7 hell rats (D:14)
  4 spriggan simulacra
  A crocodile zombie (Ossuary)
  2 hound zombies (Ossuary)
  A boggart simulacrum (D:15)
  4 mummies
  8 gnolls
  2 naga simulacra (Orc:2)
  A steam dragon zombie (Crypt:3)
  10 adders
  A howler monkey skeleton (Crypt:3)
  4 white imps
  2 ufetubi (IceCv)
  5 adder zombies (Ossuary)
  A lava snake zombie (Crypt:1)
  A dart slug (D:3)
  A ribbon worm (D:3)
  101 orcs
  3 ball pythons
  6 bats
  9 endoplasms
  A giant cockroach (D:2)
  9 hobgoblins
  11 kobolds
  4 quokkas
  7 ball python zombies (Ossuary)
  5 frilled lizards
  A gnoll zombie (Ossuary)
  11 goblins
  A hobgoblin zombie (Crypt:3)
  4 jackal zombies
  2 kobold zombies
  5 rats
  15 butterflies (Depths:1)
  2 spectral weapons
2489 creatures vanquished.

Vanquished Creatures (collateral kills)
  Mara (Swamp:3)
  2 curse toes (Zot:2)
  A tentacled monstrosity (Zot:2)
  A quicksilver dragon (Zot:2)
  A deep elf blademaster (Elf:3)
  A shadow dragon (Zot:2)
  2 fire giants (Depths:2)
  A fenstrider witch (Swamp:3)
  2 draconian shifters
  A draconian scorcher (Zot:3)
  A deep elf sorcerer (Elf:3)
  Louise (D:14)
  A very ugly thing (Depths:2)
  2 green draconians (Zot:2)
  2 white draconians (Zot:2)
  2 black draconians
  3 red draconians (Zot:2)
  A purple draconian (Zot:3)
  4 eidola (Vaults:1)
  A fire dragon (Depths:2)
  A great orb of eyes (Slime:5)
  A rakshasa (Depths:2)
  A catoblepas (Lair:1)
  An alligator (Swamp:3)
  A deep troll shaman (Depths:2)
  2 deep troll earth magi
  A spriggan berserker (Swamp:3)
  A shadow wraith (Vaults:1)
  A goliath frog (Zot:2)
  A bog body (Swamp:3)
  A deep troll (Depths:1)
  An orc knight (Bailey)
  An ugly thing (D:14)
  4 moths of wrath
  5 slime creatures (Slime:5)
  A freezing wraith (Vaults:1)
  A wyvern (D:9)
  A basilisk (D:14)
  An orc warrior (Bailey)
58 creatures vanquished.

Vanquished Creatures (others)
  A storm dragon (Zot:4)
  A draconian shifter (Zot:4)
  2 deep elf elementalists (Elf:1)
  2 black draconians (Zot:4)
  A deep elf death mage (Elf:1)
  A deep elf annihilator (Elf:3)
  A blizzard demon (Hell)
  An alligator (Swamp:4)
  A spriggan druid (Swamp:4)
  An arcanist (Vaults:3)
  A deep elf zephyrmancer (Elf:1)
  A will-o-the-wisp (Swamp:3)
  5 bloated husks
  2 tyrant leeches
  3 hornets (Swamp:4)
  A vampire (Crypt:3)
  An air elemental (Zot:4)
  2 spriggans (Swamp:4)
  A water elemental (Elf:3)
  An orc warrior (Vaults:5)
  30 foxfires
60 creatures vanquished.

Grand Total: 2607 creatures vanquished

Notes
Turn   | Place    | Note
-------+----------+-------------------------------------------
     0 | D:1      | jasper the Mountain Dwarf Berserker began the quest for the
                  | Orb.
     0 | D:1      | Reached XP level 1. HP: 19/19 MP: 1/1
    65 | D:1      | Reached XP level 2. HP: 26/26 MP: 2/2
  1006 | D:2      | Reached skill level 5 in Axes
  1070 | D:2      | Reached XP level 3. HP: 31/31 MP: 3/3
  1163 | D:2      | Reached ** piety under Trog
  1878 | D:3      | Noticed Ijyb
  1885 | D:3      | Killed Ijyb
  1886 | D:3      | Reached XP level 4. HP: 38/38 MP: 4/4
  2348 | D:3      | Reached XP level 5. HP: 45/45 MP: 5/5
  3110 | D:3      | Found a runed translucent door.
  3111 | D:3      | Noticed Crazy Yiuf
  3119 | D:3      | Killed Crazy Yiuf
  3383 | D:4      | Found a broken altar of Ashenzari.
  3493 | D:4      | Reached XP level 6. HP: 48/51 MP: 6/6
  4807 | D:5      | Entered Level 5 of the Dungeon
  5021 | D:5      | Reached XP level 7. HP: 41/58 MP: 7/7
  5134 | D:5      | Noticed Edmund
  5142 | D:5      | Killed Edmund
  5143 | D:5      | Reached skill level 10 in Axes
  5369 | D:5      | Reached skill level 5 in Fighting
  5380 | D:5      | Reached XP level 8. HP: 24/68 MP: 8/8
  5607 | D:5      | Found an ancient bone altar of Kikubaaqudgha.
  5749 | D:5      | Found a stormy altar of Qazlal.
  6365 | D:6      | Noticed Jeremiah
  6375 | D:6      | Killed Jeremiah
  6525 | D:6      | Reached XP level 9. HP: 75/78 MP: 9/9
  6527 | D:6      | Reached *** piety under Trog
  6656 | D:6      | Found a sand-covered staircase.
  6716 | Ossuary  | Entered an ossuary
  7166 | D:7      | Found Cieleb's Book Boutique.
  7166 | D:7      | Found Kekyeri's Armour Boutique.
  7166 | D:7      | Found Eprigu's Book Boutique.
  7432 | D:7      | Noticed a troll
  7444 | D:7      | Killed a troll
  7689 | D:7      | Bought a +0 pair of boots for 58 gold pieces
  7713 | D:7      | Found a glowing golden altar of the Shining One.
  7713 | D:7      | Found a white marble altar of Elyvilon.
  7713 | D:7      | Found a glowing silver altar of Zin.
  7756 | D:7      | Reached **** piety under Trog
  8190 | D:7      | Found a staircase to the Ecumenical Temple.
  8440 | D:8      | Found a flagged portal.
  8468 | Bailey   | Entered a bailey
  8804 | Bailey   | Reached skill level 5 in Evocations
  9091 | Bailey   | Reached XP level 10. HP: 89/89 MP: 10/10
  9113 | Bailey   | Noticed an orc knight
  9126 | Bailey   | Killed an orc knight
  9558 | D:8      | Noticed jfitz's ghost (novice DEAE)
  9570 | D:8      | Found a transporter.
  9575 | D:8      | Found a transporter.
  9699 | D:8      | Found a staircase to the Lair.
  9829 | D:8      | Reached skill level 10 in Fighting
 10588 | D:9      | Noticed Maurice
 10601 | D:9      | Killed Maurice
 10602 | D:9      | Reached skill level 5 in Armour
 10706 | D:9      | Noticed a deep elf pyromancer
 10740 | D:9      | HP: 1/94 [komodo dragon (14)]
 10756 | D:10     | Entered Level 10 of the Dungeon
 11030 | D:10     | Noticed a deep elf pyromancer
 11056 | D:10     | Noticed a harpy
 11058 | D:10     | Noticed an orc knight
 11185 | D:10     | Found a shadowy altar of Dithmenos.
 11185 | D:10     | Found a bloodstained altar of Trog.
 11310 | D:10     | Found Siyhea's Jewellery Shoppe.
 11319 | D:10     | Bought a ring of protection from cold for 425 gold pieces
 11604 | D:10     | Found a staircase to the Orcish Mines.
 11632 | D:10     | Reached XP level 11. HP: 77/102 MP: 11/11
 11802 | D:10     | Reached ***** piety under Trog
 12230 | D:10     | Found a runed translucent door.
 12230 | D:10     | Found a runed translucent door.
 12230 | D:10     | Noticed a centaur warrior
 12240 | D:10     | Killed a centaur warrior
 12246 | D:10     | Noticed a boulder beetle
 12276 | D:10     | Killed a boulder beetle
 12287 | D:10     | Reached skill level 15 in Axes
 12386 | D:10     | Identified the amulet of Gaar {Reflect rElec rF+ SH+5}
 12386 | D:10     | Noticed a centaur warrior
 12391 | D:10     | Noticed a mana viper
 12406 | D:10     | Killed a centaur warrior
 12413 | D:10     | Killed a mana viper
 12668 | D:10     | Identified the amulet of Wariness {Acrobat +Blink rPois
                  | Int+2}
 12685 | D:10     | Identified the ring of Fuibrus {Ice rElec rCorr Str-3
                  | Dex+4}
 12688 | D:10     | Identified the ring "Vihum" {Will+ rCorr Int+4 Slay+2}
 12736 | D:10     | Noticed an orc knight
 12739 | D:10     | Noticed a seven-headed hydra
 12811 | D:11     | Reached skill level 1 in Shields
 12929 | D:11     | Noticed a boulder beetle
 12938 | D:11     | Killed a boulder beetle
 13207 | D:11     | HP: 4/157 [shadow (8)]
 13742 | D:9      | Killed a deep elf pyromancer
 13889 | D:9      | Found a basalt altar of Yredelemnul.
 13927 | D:9      | Reached XP level 12. HP: 113/113 MP: 12/12
 14099 | D:9      | Noticed Grum
 14104 | D:9      | Killed Grum
 14623 | Lair:1   | Entered Level 1 of the Lair of Beasts
 14654 | Lair:1   | Noticed a boulder beetle
 14673 | Lair:1   | Killed a boulder beetle
 14786 | Lair:1   | Noticed a catoblepas
 14799 | Lair:1   | Killed a catoblepas
 14800 | Lair:1   | Reached skill level 5 in Shields
 14982 | Lair:1   | Noticed Joseph
 14989 | Lair:1   | Killed Joseph
 15769 | Lair:2   | Reached skill level 10 in Armour
 16030 | Lair:2   | Reached XP level 13. HP: 108/124 MP: 13/13
 16107 | Lair:2   | Noticed Urug
 16119 | Lair:2   | Killed Urug
 16354 | Lair:2   | Found a staircase to the Swamp.
 16779 | Lair:3   | Identified the +7 halberd of Fobly {vamp, rPois rF+}
 17050 | Lair:3   | Received a gift from Trog
 17267 | Lair:3   | Found the +16 obsidian axe {drain, demonic, Mesm ^Drain Fly
                  | SInv}
 17360 | Lair:3   | You are sucked into a shaft and drop 2 floors!
 17360 | Lair:5   | Entered Level 5 of the Lair of Beasts
 18022 | Lair:5   | Noticed Nessos
 18031 | Lair:5   | Killed Nessos
 18462 | Lair:5   | Reached skill level 10 in Shields
 18724 | Lair:5   | Found a large runed translucent door.
 18724 | Lair:5   | Found a large runed translucent door.
 18726 | Lair:5   | Noticed a fire dragon
 18734 | Lair:5   | Reached XP level 14. HP: 127/133 MP: 14/14
 18757 | Lair:5   | Identified the ring "Cufinuiski" {+Blink rC+ EV+5 Int+2}
 18775 | Lair:5   | Identified a scroll of acquirement
 18775 | Lair:5   | Acquired the ring of Huopoluo {rN+ rCorr SInv}
 19157 | Lair:4   | Received a gift from Trog
 19360 | Lair:4   | Found a staircase to the Slime Pits.
 19979 | Lair:3   | Found a staircase to the Snake Pit.
 20556 | Orc:1    | Entered Level 1 of the Orcish Mines
 21299 | Orc:2    | Entered Level 2 of the Orcish Mines
 21332 | Orc:2    | Reached ****** piety under Trog
 21366 | Orc:2    | Received a gift from Trog
 21418 | Orc:2    | Reached skill level 15 in Shields
 21432 | Orc:2    | Found a frozen archway.
 21544 | IceCv    | Entered an ice cave
 21711 | IceCv    | Noticed a reaper
 21720 | IceCv    | Killed a reaper
 21945 | IceCv    | Reached XP level 15. HP: 123/139 MP: 15/15
 22260 | Orc:2    | Found Culusch's Antique Weapon Emporium.
 22267 | Orc:2    | Found Xug Jitz's Jewellery Emporium.
 22274 | Orc:2    | Found Emnulem's Weapon Shop.
 22309 | Orc:2    | Noticed Donald
 22315 | Orc:2    | Found Leddegot's General Store.
 22322 | Orc:2    | Killed Donald
 22539 | Orc:2    | Bought a scroll of fear for 48 gold pieces
 22660 | Orc:2    | Found a staircase to the Elven Halls.
 23584 | D:13     | Received a gift from Trog
 23743 | D:13     | Found a gate to the Vaults.
 23833 | D:13     | Identified the +0 spear of Hairy Tender Mercy {freeze,
                  | MP+9}
 24142 | D:14     | Noticed Jorgrun
 24151 | D:14     | Killed Jorgrun
 24226 | D:14     | Noticed Louise
 24257 | D:14     | Killed Louise
 24920 | D:15     | Entered Level 15 of the Dungeon
 25195 | D:15     | Acquired the +0 helmet "Kofos" {rPois rN++ MP+9 Dex+3}
 25281 | D:15     | Found an iron altar of Okawaru.
 25359 | D:15     | Noticed Josephine
 25366 | D:15     | Killed Josephine
 25367 | D:15     | Reached skill level 15 in Fighting
 25400 | D:15     | Received a gift from Trog
 25658 | D:15     | Found a staircase to the Depths.
 25658 | D:15     | Noticed an emperor scorpion
 25674 | D:15     | Killed an emperor scorpion
 25686 | D:15     | Reached XP level 16. HP: 94/149 MP: 16/16
 26230 | Swamp:1  | Entered Level 1 of the Swamp
 26987 | Swamp:2  | Identified the serpent talisman "Deret" {rElec rF- rN+++
                  | Int-3}
 26987 | Swamp:2  | Noticed Aizul
 26994 | Swamp:2  | Killed Aizul
 27467 | Swamp:3  | Noticed Mara
 27477 | Swamp:3  | Noticed jasper's illusion
 27483 | Swamp:3  | Killed Mara
 27491 | Swamp:3  | Noticed a thorn hunter
 28264 | Swamp:3  | Found a white marble altar of Elyvilon.
 28755 | Swamp:3  | Killed a thorn hunter
 28819 | Swamp:4  | Entered Level 4 of the Swamp
 29367 | Swamp:4  | Received a gift from Trog
 29824 | Swamp:4  | Noticed a thorn hunter
 29831 | Swamp:4  | Reached XP level 17. HP: 120/160 MP: 17/17
 30416 | Swamp:4  | Got a decaying rune of Zot
 30674 | Snake:1  | Entered Level 1 of the Snake Pit
 31098 | Snake:1  | Received a gift from Trog
 31189 | Snake:1  | Found Cobagiab's Magic Scroll Emporium.
 31197 | Snake:1  | Bought a scroll of immolation for 52 gold pieces
 31197 | Snake:1  | Bought a scroll of blinking for 97 gold pieces
 31197 | Snake:1  | Bought a scroll of fog for 52 gold pieces
 31197 | Snake:1  | Bought a scroll of fog for 52 gold pieces
 31197 | Snake:1  | Found Meshox's Antique Weapon Emporium.
 31802 | Snake:2  | Noticed Saint Roka
 31811 | Snake:2  | Killed Saint Roka
 31817 | Snake:2  | Reached skill level 15 in Armour
 32523 | Snake:2  | Found Cofacei's Antique Weapon Shoppe.
 33010 | Snake:3  | Received a gift from Trog
 34389 | Snake:4  | Entered Level 4 of the Snake Pit
 34510 | Snake:4  | Received a gift from Trog
 34665 | Snake:4  | Reached XP level 18. HP: 131/173 MP: 18/18
 35403 | Snake:4  | Found an iron altar of Okawaru.
 35425 | Snake:4  | Got a serpentine rune of Zot
 35515 | Snake:4  | Noticed Agnes
 35522 | Snake:4  | Killed Agnes
 36010 | Vaults:1 | Entered Level 1 of the Vaults
 36064 | Vaults:1 | Received a gift from Trog
 36091 | Vaults:1 | Identified the +4 robe of Vehumet's Hope {Str+5 Int+3
                  | Slay+2}
 36091 | Vaults:1 | Noticed Boris
 36112 | Vaults:1 | Killed Boris
 36680 | Vaults:1 | Found a runed translucent gate.
 36680 | Vaults:1 | Found a runed translucent gate.
 36680 | Vaults:1 | Found a runed translucent gate.
 36681 | Vaults:1 | Noticed jkt's ghost (adept SpEn)
 36682 | Vaults:1 | Found the dreamshard necklace {Acrobat *Dream}
 36693 | Vaults:1 | Killed jkt's ghost
 36710 | Vaults:1 | Identified the +1 pair of boots of the Howling Gods {rPois
                  | Str+3}
 37560 | Vaults:2 | Found a staircase to the Crypt.
 37638 | Vaults:2 | Received a gift from Trog
 38000 | Vaults:2 | Reached XP level 19. HP: 175/187 MP: 19/19
 38465 | Vaults:2 | Paralysed by a formless jellyfish for 1 turns
 38501 | Vaults:2 | Received a gift from Trog
 39664 | Vaults:3 | Found a portal to a secret trove of treasure.
 39685 | Vaults:3 | You paid a toll of 15 scrolls of teleportation to enter a
                  | treasure trove
 39686 | Trove    | Entered a treasure trove
 39732 | Trove    | Found the +8 mithril axe "Arga" {speed, Will+}
 39732 | Trove    | Found the macabre finger necklace {Finger+ rN+}
 39752 | Trove    | Identified the +5 plate armour of Precision Catastrophes
                  | {rElec rF- Str+5 Slay+3}
 39758 | Trove    | Identified the ring "Atusch" {rCorr MP+9 SInv Stlth+}
 40329 | Vaults:3 | Received a gift from Trog
 40896 | Vaults:4 | Identified the +3 robe of Qeithrydo {rC+++}
 40896 | Vaults:4 | Noticed Boris
 40917 | Vaults:4 | Killed Boris
 40957 | Vaults:4 | Received a gift from Trog
 40979 | Vaults:4 | Reached XP level 20. HP: 77/198 MP: 20/20
 41325 | Vaults:4 | Identified the +7 arbalest of Death's Door {penet, +Blink
                  | rF- Str+3}
 41376 | Vaults:4 | Reached skill level 10 in Evocations
 42291 | Vaults:4 | Received a gift from Trog
 42399 | Vaults:4 | Found Kenata's Magic Scroll Shop.
 42407 | Vaults:4 | Bought a scroll of immolation for 80 gold pieces
 42407 | Vaults:4 | Bought a scroll of teleportation for 60 gold pieces
 42407 | Vaults:4 | Bought a scroll of fear for 80 gold pieces
 42407 | Vaults:4 | Bought a scroll of silence for 190 gold pieces
 42730 | Depths:1 | Entered Level 1 of the Depths
 42735 | Depths:1 | Found a one-way gate leading to the halls of Pandemonium.
 43440 | Depths:1 | Noticed a bone dragon
 43462 | Depths:1 | Killed a bone dragon
 43467 | Depths:1 | Found a gateway to Hell.
 43985 | Depths:1 | Found a huge runed translucent gate.
 43985 | Depths:1 | Found a huge runed translucent gate.
 43985 | Depths:1 | Found a huge runed translucent gate.
 43985 | Depths:1 | Found a huge runed translucent gate.
 43985 | Depths:1 | Found a huge runed translucent gate.
 43985 | Depths:1 | Found a huge runed translucent gate.
 43985 | Depths:1 | Found a huge runed translucent gate.
 43993 | Depths:1 | Found a huge runed translucent gate.
 43994 | Depths:1 | Found a huge runed translucent gate.
 43996 | Depths:1 | Found a huge runed translucent gate.
 43997 | Depths:1 | Found a huge runed translucent gate.
 43999 | Depths:1 | Found a huge runed translucent gate.
 43999 | Depths:1 | Found a huge runed translucent gate.
 44233 | Depths:1 | Received a gift from Trog
 44313 | Depths:1 | Found a huge runed translucent gate.
 44313 | Depths:1 | Found a huge runed translucent gate.
 44313 | Depths:1 | Found a huge runed translucent gate.
 44314 | Depths:1 | Found a huge runed translucent gate.
 44315 | Depths:1 | Found a huge runed translucent gate.
 44316 | Depths:1 | Found a huge runed translucent gate.
 44317 | Depths:1 | Found a huge runed translucent gate.
 44318 | Depths:1 | Found a huge runed translucent gate.
 44319 | Depths:1 | Found a huge runed translucent gate.
 44320 | Depths:1 | Found a huge runed translucent gate.
 44321 | Depths:1 | Found a huge runed translucent gate.
 44322 | Depths:1 | Found a huge runed translucent gate.
 44322 | Depths:1 | Found a huge runed translucent gate.
 44327 | Depths:1 | Found a huge runed translucent gate.
 44328 | Depths:1 | Found a huge runed translucent gate.
 44329 | Depths:1 | Found a huge runed translucent gate.
 44329 | Depths:1 | Found a huge runed translucent gate.
 44331 | Depths:1 | Found a huge runed translucent gate.
 44332 | Depths:1 | Found a huge runed translucent gate.
 44333 | Depths:1 | Found a huge runed translucent gate.
 44334 | Depths:1 | Found a huge runed translucent gate.
 44334 | Depths:1 | Found a huge runed translucent gate.
 44339 | Depths:1 | Found a huge runed translucent gate.
 44448 | Depths:1 | Identified the +1 leather armour "Tycae" {Int+3}
 44449 | Depths:1 | Identified the +7 giant club "Liot" {drain, rPois Int+2}
 44888 | Depths:1 | Reached skill level 15 in Evocations
 45418 | Depths:2 | Noticed a golden dragon
 45440 | Depths:2 | Killed a golden dragon
 45441 | Depths:2 | Reached XP level 21. HP: 106/206 MP: 21/21
 45447 | Depths:2 | HP: 8/207 [living spell/divine providence[a walking divine
                  | tome] (15)]
 45894 | Depths:2 | Found a one-way gate to the infinite horrors of the Abyss.
 46248 | Depths:3 | Identified the +6 war axe "Beliesux" {flame, rElec rPois
                  | rF+ Str-5} (Trog gifted it to you on level 3 of the Depths)
 46248 | Depths:3 | Received a gift from Trog
 46347 | Depths:3 | Noticed a caustic shrike
 46351 | Depths:3 | Noticed a caustic shrike
 46363 | Depths:3 | Killed a caustic shrike
 46367 | Depths:3 | Killed a caustic shrike
 46484 | Depths:3 | Found a one-way gateway to a ziggurat.
 46577 | Depths:3 | Identified the orb of Ysuf {*channel, Rampage rC+ rCorr
                  | Int-5}
 46577 | Depths:3 | Noticed Frederick
 46606 | Depths:3 | Killed Frederick
 47168 | Depths:3 | Noticed a juggernaut
 47180 | Depths:3 | Killed a juggernaut
 47282 | Depths:3 | Received a gift from Trog
 48187 | Depths:4 | Entered Level 4 of the Depths
 48870 | Depths:4 | Found Osin's Jewellery Boutique.
 48871 | Depths:4 | Found Joraa's Book Emporium.
 48872 | Depths:4 | Found Kid Dix's Jewellery Boutique.
 49030 | Depths:4 | Noticed a golden dragon
 49049 | Depths:4 | Killed a golden dragon
 49058 | Depths:4 | Found a gate to the Realm of Zot.
 50236 | Vaults:5 | Entered Level 5 of the Vaults
 50255 | Vaults:4 | Received a gift from Trog
 50335 | Vaults:4 | Reached XP level 22. HP: 193/226 MP: 22/22
 50654 | Vaults:5 | Noticed a dread lich
 50769 | Vaults:5 | Noticed a dread lich
 50782 | Vaults:5 | Killed a dread lich
 50802 | Vaults:4 | Killed a dread lich
 50802 | Vaults:4 | Received a gift from Trog
 51019 | Vaults:5 | Noticed a golden dragon
 51036 | Vaults:5 | Killed a golden dragon
 51050 | Vaults:5 | Noticed an ancient lich
 51063 | Vaults:5 | Killed an ancient lich
 51097 | Vaults:5 | Reached skill level 27 in Fighting
 51346 | Vaults:5 | Identified the +9 lajatang of Fonlic {spect, *Noise rCorr
                  | Str+3 Dex+5 SInv}
 51690 | Vaults:5 | Identified the +9 orcbow of the Warrior {freeze, Will+}
 51690 | Vaults:5 | Identified the +2 great sword of Malaise {flame, Str+3}
 51850 | Vaults:5 | Gained mutation: Your mind is acute. (Int +4, Str/Dex -1)
                  | [a shining eye]
 51859 | Vaults:5 | Noticed an ancient lich
 51882 | Vaults:5 | Killed an ancient lich
 52132 | Vaults:5 | Received a gift from Trog
 52416 | Vaults:5 | Identified the ring of Yduderaa {Ice Will++ rCorr Int-5
                  | Dex+3}
 52435 | Vaults:5 | Noticed an ancient lich
 52463 | Vaults:5 | Killed an ancient lich
 52953 | Vaults:5 | Identified the +0 plate armour "Osoc Zut" {Str-3 Slay+5
                  | SInv Stlth-}
 53087 | Vaults:5 | Identified the staff of Decaying Courage {rPois Str+6 Dex-4
                  | Alchemy}
 53230 | Vaults:5 | Found the +18 shield of the Gong {Loud rN+ Will+ rCorr
                  | EV-5}
 53234 | Vaults:5 | Identified the +1 pair of boots of Lethargy {Dex+3}
 53243 | Vaults:5 | Got a silver rune of Zot
 53446 | Vaults:5 | Reached XP level 23. HP: 224/240 MP: 23/23
 53762 | Zot:1    | Entered Level 1 of the Realm of Zot
 54823 | Zot:1    | Received a gift from Trog
 55048 | Zot:1    | You are sucked into a shaft and drop 1 floor!
 55048 | Zot:2    | Noticed a curse toe
 55059 | Zot:2    | Killed a curse toe
 55074 | Zot:2    | Noticed a curse toe
 55087 | Zot:2    | Killed a curse toe
 55960 | Zot:2    | Noticed a curse toe
 55973 | Zot:2    | Killed a curse toe
 57608 | Zot:3    | Noticed a Killer Klown
 57619 | Zot:3    | Killed a Killer Klown
 58292 | Zot:3    | Received a gift from Trog
 58314 | Zot:3    | Identified the +7 dagger "Cirunwil" {spect, Dex+3}
 58389 | Zot:3    | Reached XP level 24. HP: 216/249 MP: 23/23
 58748 | Zot:4    | Noticed a Killer Klown
 58768 | Zot:3    | Killed a Killer Klown
 59323 | Zot:4    | Paralysed by an air elemental for 1 turns
 59328 | Zot:4    | Noticed a Killer Klown
 59405 | Zot:4    | Killed a Killer Klown
 59541 | Zot:4    | Reached skill level 27 in Shields
 60764 | Zot:4    | Identified the storm talisman "Kitzonwe" {rF++ Str+4 Dex-5}
 60777 | Zot:4    | Identified the staff "Kofuh" {rElec rC+ rN+ Will++ Air}
 60787 | Zot:4    | Identified the staff of Deformation {^Contam rElec rC+ rN+
                  | Air}
 60957 | Zot:5    | Entered Level 5 of the Realm of Zot
 61392 | Zot:5    | Received a gift from Trog
 62166 | Slime:1  | Entered Level 1 of the Pits of Slime
 62694 | Elf:1    | Entered Level 1 of the Elven Halls
 62907 | Elf:1    | Noticed Nikola
 62938 | Elf:1    | Killed Nikola
 63333 | Elf:1    | Found Sounuenky's Weapon Emporium.
 63344 | Elf:1    | Received a gift from Trog
 63705 | Elf:1    | Noticed Frances
 63714 | Elf:1    | Killed Frances
 64123 | Elf:2    | Found a huge runed translucent gate.
 64123 | Elf:2    | Found a huge runed translucent gate.
 64123 | Elf:2    | Found a huge runed translucent gate.
 64129 | Elf:2    | Found a huge runed translucent gate.
 64129 | Elf:2    | Found a huge runed translucent gate.
 64354 | Elf:2    | Found Duadwoat's Assorted Antiques.
 64365 | Elf:2    | Found Badd's General Store.
 64367 | Elf:2    | Bought a scroll of fog for 108 gold pieces
 64367 | Elf:2    | Bought a potion of haste for 270 gold pieces
 64367 | Elf:2    | Bought a potion of curing for 81 gold pieces
 64373 | Elf:2    | Bought a potion of curing for 51 gold pieces
 64373 | Elf:2    | Bought a potion of haste for 170 gold pieces
 65189 | Elf:3    | Entered Level 3 of the Elven Halls
 65355 | Elf:3    | Noticed Asterion
 65370 | Elf:3    | Killed Asterion
 65381 | Elf:3    | Reached XP level 25. HP: 191/257 MP: 23/23
 65875 | Elf:3    | Received a gift from Trog
 66476 | Elf:3    | Identified the ring "Ypoviz" {*Slow rCorr Str+5}
 66476 | Elf:3    | Identified the ring of Eniqum {Fly rN++ Str+4 Int-3}
 66494 | Elf:3    | Identified the +8 quarterstaff of Bursted Tenacity {venom,
                  | ^Fragile rF+ Str+3 Int+3}
 66498 | Elf:3    | Identified the +6 chain mail of Lust {rPois rC++ Dex+5}
 66585 | Elf:3    | Received a gift from Trog
 66621 | Elf:3    | Identified the ring "Juboc" {Wiz rN+ Str+3 Slay+3}
 66628 | Elf:3    | Identified the +6 quarterstaff "Eral" {heavy, ^Fragile
                  | rPois rF++ Str-5}
 66652 | Elf:3    | Identified the +6 spear of Nolahanoih {speed, Str+4}
 67160 | Slime:2  | Gained mutation: Armour fits poorly on your strangely
                  | shaped body. [a shining eye]
 67162 | Slime:2  | Lost mutation: Your mind is acute. (Int +4, Str/Dex -1)
                  | [potion of mutation]
 67162 | Slime:2  | Lost mutation: Armour fits poorly on your strangely shaped
                  | body. [potion of mutation]
 67162 | Slime:2  | Gained mutation: You have very sharp teeth. [potion of
                  | mutation]
 67162 | Slime:2  | Gained mutation: You are partially covered in iridescent
                  | scales. (AC +2) [potion of mutation]
 67162 | Slime:2  | Gained mutation: You are weak. (Str -2) [potion of
                  | mutation]
 68048 | Slime:5  | Entered Level 5 of the Pits of Slime
 68370 | Slime:5  | Found a viscous altar of Jiyva.
 68779 | Slime:5  | Noticed the Royal Jelly
 68797 | Slime:5  | Killed the Royal Jelly
 69455 | Slime:5  | Gained mutation: You are very weak. (Str -4) [a shining
                  | eye]
 69457 | Slime:5  | Gained mutation: You sometimes lose your temper in combat.
                  | [a shining eye]
 69471 | Slime:5  | Lost mutation: You have very sharp teeth. [potion of
                  | mutation]
 69471 | Slime:5  | Lost mutation: You are partially covered in iridescent
                  | scales. (AC +2) [potion of mutation]
 69471 | Slime:5  | Gained mutation: You are frail. (-10% HP) [potion of
                  | mutation]
 69471 | Slime:5  | Gained mutation: Your body sometimes deteriorates upon
                  | taking damage. [potion of mutation]
 69471 | Slime:5  | Gained mutation: You have large cloven feet. [potion of
                  | mutation]
 69472 | Slime:5  | Lost mutation: You are very weak. (Str -4) [potion of
                  | mutation]
 69472 | Slime:5  | Lost mutation: Your body sometimes deteriorates upon taking
                  | damage. [potion of mutation]
 69472 | Slime:5  | Lost mutation: You have large cloven feet. [potion of
                  | mutation]
 69472 | Slime:5  | Gained mutation: You have large cloven feet. [potion of
                  | mutation]
 69472 | Slime:5  | Gained mutation: Your mind is acute. (Int +4, Str/Dex -1)
                  | [potion of mutation]
 69472 | Slime:5  | Gained mutation: You are partially covered in iridescent
                  | scales. (AC +2) [potion of mutation]
 69473 | Slime:5  | Lost mutation: You are frail. (-10% HP) [potion of
                  | mutation]
 69473 | Slime:5  | Lost mutation: Your mind is acute. (Int +4, Str/Dex -1)
                  | [potion of mutation]
 69473 | Slime:5  | Lost mutation: You sometimes lose your temper in combat.
                  | [potion of mutation]
 69473 | Slime:5  | Gained mutation: Your body sometimes deteriorates upon
                  | taking damage. [potion of mutation]
 69525 | Slime:5  | Identified the ring of Todaj {Will+ Str+2}
 69536 | Slime:5  | Identified the +5 rapier "Jellyslayer" {freeze, rCorr
                  | Int+2}
 69832 | Slime:5  | Got a slimy rune of Zot
 69880 | Slime:5  | Identified the +3 chain mail of Okawaru {-Cast rPois rC-
                  | rCorr}
 69889 | Slime:5  | Identified the +5 plate armour "Lemax" {^Contam MP+9 Int+2}
 69890 | Slime:5  | Identified the staff "ETAOIN SHRDLU" {rC+ Str+2 Ice}
 69892 | Slime:5  | Identified the +7 scale mail "Dyhegu" {rF++}
 70287 | Crypt:1  | Entered Level 1 of the Crypt
 70549 | Crypt:1  | Reached skill level 27 in Armour
 70626 | Crypt:1  | Reached skill level 1 in Stealth
 70794 | Crypt:1  | Reached skill level 1 in Invocations
 70810 | Crypt:1  | Received a gift from Trog
 70930 | Crypt:1  | Reached skill level 5 in Invocations
 71430 | Crypt:2  | Found a basalt altar of Yredelemnul.
 71952 | Crypt:2  | Reached skill level 10 in Invocations
 71987 | Crypt:3  | Entered Level 3 of the Crypt
 72103 | Crypt:3  | Received a gift from Trog
 72314 | Crypt:3  | Reached XP level 26. HP: 264/265 MP: 30/30
 72454 | Crypt:3  | Reached skill level 5 in Dodging
 72892 | Crypt:3  | Received a gift from Trog
 73096 | Crypt:3  | Found a staircase to the Tomb.
 73400 | Crypt:3  | Found a basalt altar of Yredelemnul.
 73401 | Crypt:3  | Found an ancient bone altar of Kikubaaqudgha.
 73783 | Crypt:3  | Identified the +4 triple sword of Mayhem {drain, +Blink
                  | rN+}
 73784 | Crypt:3  | Identified the +7 whip "Saneq" {venom, rElec Int+2 Dex+3}
 74113 | D:7      | Fell from the grace of Trog
 74113 | D:7      | Became a worshipper of Zin the Law-Giver
 74113 | D:7      | Reached * piety under Zin
 74113 | D:7      | Reached ** piety under Zin
 74114 | D:7      | Donated 4056 gold pieces to Zin
 74115 | D:7      | Donated 2028 gold pieces to Zin
 74142 | D:7      | Reached *** piety under Zin
 74272 | D:8      | Reached **** piety under Zin
 74282 | D:8      | Killed jfitz's ghost
 74394 | D:13     | Reached ***** piety under Zin
 74479 | Depths:1 | Donated 1022 gold pieces to Zin
 74504 | Hell     | Entered the Vestibule of Hell
 74504 | Hell     | Noticed Geryon
 74664 | Depths:1 | Reached ****** piety under Zin
 75219 | Hell     | Killed Geryon
 75478 | Hell     | Reached skill level 15 in Invocations
 75933 | Hell     | Found a gateway to the freezing wastes of Cocytus.
 76008 | Hell     | Found a gateway to the Iron City of Dis.
 76116 | Hell     | Found a gateway to the ashen valley of Gehenna.
 76175 | Hell     | Found a gateway to the decaying netherworld of Tartarus.
 76333 | Pan      | Entered Pandemonium
 76611 | Pan      | Noticed Wiqil the pandemonium lord
 76638 | Pan      | Killed Wiqil the pandemonium lord
 76687 | Pan      | Identified the +3 ring mail "Put-Me-On" {Regen+}
 76845 | Pan      | Noticed Deidghy the pandemonium lord
 76853 | Pan      | Killed Deidghy the pandemonium lord
 77971 | Pan      | Reached XP level 27. HP: 252/273 MP: 36/36
 78167 | Pan      | Noticed Urebalit the pandemonium lord
 78189 | Pan      | Killed Urebalit the pandemonium lord
 78842 | Pan      | Noticed Imagewuc the pandemonium lord
 78873 | Pan      | HP: 3/273 [Brimstone Fiend/damnation (40)]
 78874 | Pan      | Killed from afar by a Brimstone Fiend

Illustrated notes

Levels and vault maps discovered:
D:1:      matt_arrival_los_fun, layout_basic
D:2:      layout_basic, hangedman_decor_slide_cut
D:3:      layout_basic, uniq_crazy_yiuf_cottage, uniq_ijyb
D:4:      layout_layer_cave, nicolae_ashenzari_skybound
D:5:      layout_loops_ring, nicolae_qazlal_beasts_of_the_sky,
          kennysheep_little_box, st_stairs_6, chequers_serial_rivers_micro_d,
          uniq_edmund
D:6:      layout_basic, mainiacjoe_ossuary_entry_dusty_tomb, uniq_jeremiah
D:7:      layout_cave_pods, good_gods_mini_temple, temple_hall,
          minmay_misc_feat_nine_boxes, nicolae_shop_distant_corner_stores
D:8:      layout_layer_cave, erik_lair_orcish_takeover, enter_bailey_5,
          gammafunk_ghost_hive, hangedman_abyss_or_decor_stagger
D:9:      layout_gridville, general_overflow_altar, roderic_lattice_a,
          uniq_maurice, uniq_grum
D:10:     minmay_the_grid_triangle_9x9_recursive_2_mashed
          [minmay_the_grid_triangle_9x9_prize_special,
          minmay_the_grid_triangle_9x9_swiss_cheese,
          minmay_the_grid_triangle_9x9_zippers_vertical,
          minmay_the_grid_triangle_9x9_tough_junction], layout_loops_ring,
          gammafunk_temple_overflow_wave,
          kennysheep_orc_monster_closet_entryway, serial_shops,
          nicolae_shop_stone, onia_ninara_dug_in_and_dangerous
D:11:     layout_rooms, kennysheep_generic_room_15
D:12:     layout_basic
D:13:     layout_cave_pools, david_vaults_4
D:14:     layout_long_grid, special_room [special_room_mythical_zoo],
          infiniplex_staircase_spiral, uniq_jorgrun, uniq_louise
D:15:     hangedman_depths_entry_try_elsewhere_first, layout_basic,
          okawaru_metal_pillars_1_2, chequers_serial_rivers_micro_d,
          ebering_dispersal_statue_hall, uniq_josephine
Lair:1:   layout_misc_corridors, grunt_megastairs_2, uniq_joseph
Lair:2:   layout_loops_ring, mainiacjoe_swamp_entry_angry_trees, uniq_urug
Lair:3:   layout_gridlike, minmay_snake_entry_six_corridors,
          dreamdust_deal_with_the_devil, minmay_lindwurm_lava
Lair:4:   layout_roguey, minmay_slime_entry_pillars,
          infiniplex_staircase_pool_2, serial_bayou_shore_a
Lair:5:   cheibrodos_lair_end_hotspot, layout_loops_ring,
          kennysheep_basilisk_garden, uniq_nessos
Swamp:1:  layout_basic_swamp, evilmike_swamp_ruin_house_4
Swamp:2:  layout_basic_swamp, evilmike_swamp_ruin_house_5, swamp_pool_1_2,
          uniq_aizul
Swamp:3:  nzn_winding_woodlands_small [nzn_winding_woodlands_5x15_pockets,
          nzn_winding_woodlands_center_triple_pond,
          nzn_winding_woodlands_5x15_eye], layout_falls_marsh,
          nicolae_swamp_godswood, nicolae_swamp_decorative_isthmus, uniq_mara
Swamp:4:  swamp_basic_johnstein, layout_basic_swamp
Snake:1:  layout_grid_maze, minmay_shop_star, lemuel_fruit_tree
Snake:2:  nicolae_snake_attic_fulla_snakes, layout_grid_maze, serial_shops,
          shop, grunt_megastairs_1, uniq_saint_roka
Snake:3:  layout_chambers
Snake:4:  grunt_snake_rune_serpentine_throne, layout_cave_town, uniq_agnes
Slime:1:  layout_caves
Slime:2:  layout_caves, cheibrodos_slime_lost_civilization_6
Slime:3:  layout_caves
Slime:4:  layout_caves
Slime:5:  slime_pit_nicolae_inversion
Orc:1:    layout_caves
Orc:2:    st_orc_open, layout_diamond_mine, portal_ice_cave_entry_ice_simulacra,
          uniq_donald
Elf:1:    eino_elf_arrival_sip, layout_geoelf_diagonals, serial_shops,
          nicolae_shop_statue_plus, guppyfry_library_mini, grunt_megastairs_5,
          uniq_nikola, uniq_frances
Elf:2:    elven_hall_of_blades_hangedman_alternative [mumra_blade_entry_dagger],
          layout_geoelf_grid, grunt_megastairs_4, minmay_shoptagon
Elf:3:    minmay_elf_hall_hex, layout_gridlike, grunt_ministairs_15,
          uniq_asterion
Vaults:1: gammafunk_ghost_spectres, hangedman_vaults_hat, v_misc_3,
          hangedman_vaults_corner, nicolae_vaults_tetromino_Z_2,
          nicolae_vaults_more_shelving_2, nicolae_vaults_door_testing_chamber,
          grunt_vaults_focal, nicolae_vaults_diamond_1,
          ontoclasm_vaults_ring_small, ontoclasm_vaults_eye, st_cells,
          nicolae_vaults_big_angled_halls, layout_vaults_maze, uniq_boris
Vaults:2: ontoclasm_vaults_decontamination, nicolae_vaults_little_guard_posts,
          nicolae_vaults_stepped_doors, ontoclasm_vaults_idyll,
          nicolae_vaults_turnstiles, v_rooms_3, grunt_vaults_swirl,
          blue_anna_dwarven_crypt, ontoclasm_vaults_idyll,
          nicolae_vaults_layer_cake_slice, nicolae_vaults_surprise_closet,
          nicolae_vaults_tetromino_L_1, layout_vaults_ring
Vaults:3: vaults_room_hallway, nicolae_vaults_house_3,
          nicolae_vaults_network_periphery, v_misc_10, hangedman_vaults_maws,
          nicolae_vaults_house_1, nicolae_vaults_theta,
          nicolae_vaults_sesquioval_fish, v_misc_4, v_misc_14,
          layout_vaults_omnibox, enter_trove_1
Vaults:4: nicolae_vaults_arrows, nicolae_vaults_shrinking_rooms_1,
          vaults_mumra_chevron, nicolae_vaults_trapezoid_lopsided_2,
          hangedman_vaults_river_flow, vaults_mumra_hex,
          nicolae_vaults_double_plus_1, layout_vaults_big_room, serial_shops,
          shop
Vaults:5
Crypt:1:  layout_gridlike, grunt_crypt_arrival_webbed
Crypt:2:  layout_rooms, basic_altar, serial_library_hellmonk_small_alcove,
          grunt_ministairs_14, st_stairs_9, nicolae_crypt_crosshalls
Crypt:3:  lightli_unholy_cathedral, layout_chaotic_city,
          tomb_entry_pyramid_bobbens
Depths:1: layout_big_octagon, grunt_mini_vestibule, pan_entry,
          not_door_vault_mu, patterned_corridor
Depths:2: minmay_triangles_in_corner, layout_cave_pools, skrybe_limestone_x,
          hell_entry, abyss_entry, pan_entry
Depths:3: nicolae_hexawheel, layout_small_grid, enter_ziggurat_c, hex_tiny,
          regret_index_abyss_entry_earlier_magic, hell_entry, hangedman_aviary,
          uniq_frederick
Depths:4: evilmike_zot_entry_argh, layout_cave_shapes, hellmouth_1,
          serial_library_hellmonk_open_cross, minmay_shop_grove,
          serial_bayou_shore_b, serial_bayou_shore_b
Hell
Zot:1:    layout_cathedral_of_symmetry, regret_index_zotdec_serpentine_coiled,
          zot_minivault_3
Zot:2:    layout_misc_corridors, regret_index_zotdec_banners
Zot:3:    layout_basic, lemuel_elevator
Zot:4:    infiniplex_zot_generator, layout_onion_interference
Zot:5:    layout_gridlike
Pan:      evilmike_mini_pan_T, layout_pan_divisions_a [pan_division_quadrant_a3,
          pan_division_quadrant_a6, pan_division_quadrant_a6,
          pan_division_quadrant_a1, pan_division_octagon_box],
          evilmike_mini_pan_doors_b, layout_gridlike, pan_blood_fountain_2,
          evilmike_mini_pan_corridor, layout_small_grid, evilmike_mini_pan_V,
          layout_basic, nicolae_pan_lom_lobonic_2, nicolae_pan_sigil_eeng,
          rand_demon_5, layout_basic, special_room [special_room_demon_pit],
          nicolae_pan_sigil_uleosi, evilmike_mini_pan_T, layout_gridville,
          grunt_pan_spiral, layout_basic, pan_blood_fountain_1,
          pan_blood_fountain_small, evilmike_mini_pan_corner,
          layout_pan_divisions_b [pan_division_quadrant_b3,
          pan_division_quadrant_b4, pan_division_quadrant_b6,
          pan_division_quadrant_b4], pan_blood_fountain_2,
          nicolae_pan_mnolegish_4, evilmike_mini_pan_possible_glass,
          layout_chambers

Skill      XL: |  1  2  3  4  5  6  7  8  9 10 11 12 13 14 15 16 17 18 19 20 21 22 23 24 25 26 27 |
---------------+----------------------------------------------------------------------------------+-----
Axes           | 4 5 6 7 8 9 10 12 14 16 18 | 18.0
Fighting       | 5 6 8 11 12 14 15 16 18 20 21 25 27 | 27.0
Evocations     | 5 8 15 16 | 16.5
Armour         | 6 7 10 11 14 16 18 21 24 27 | 27.0
Dodging        | 2 4 7 |  7.8
Shields        | 3 7 10 15 18 20 21 22 26 27 | 27.0
Stealth        | 1 |  1.0
Invocations    | 10 19 21 | 21.1

Action                     |  1- 3 |  4- 6 |  7- 9 | 10-12 | 13-15 | 16-18 | 19-21 | 22-24 | 25-27 || total
---------------------------+-------+-------+-------+-------+-------+-------+-------+-------+-------++-------
  Melee: Hand axe          |   100 |   157 |   316 |   274 |       |       |       |       |       ||   847
         War axe           |       |    14 |    90 |   387 |   101 |       |       |       |       ||   592
         Broad axe         |       |       |       |       |   728 |  1045 |  1759 |  1849 |  2105 ||  7486
         Bite              |       |       |       |       |       |       |       |       |    67 ||    67
   Fire: Sling             |     2 |     5 |       |       |       |       |       |       |       ||     7
  Throw: Stone             |     4 |     5 |     1 |       |       |       |       |       |       ||    10
         Boomerang         |       |       |       |       |       |       |    20 |       |       ||    20
 Invoke: Berserk           |     3 |     6 |     1 |     4 |     1 |       |     1 |     3 |       ||    19
         Trog's Hand       |       |     1 |     2 |     6 |     7 |     7 |     4 |    13 |     8 ||    48
         Brothers in Arms  |       |       |       |     3 |     1 |     4 |     1 |     4 |     4 ||    17
         Recite            |       |       |       |       |       |       |       |       |    25 ||    25
         Donate Gold       |       |       |       |       |       |       |       |       |     3 ||     3
         Imprison          |       |       |       |       |       |       |       |       |     1 ||     1
         Vitalisation      |       |       |       |       |       |       |       |       |     2 ||     2
  Evoke: Wand              |       |       |     1 |    12 |     1 |     3 |     4 |     6 |       ||    27
         Box of beasts     |       |       |       |       |       |       |     1 |     1 |     1 ||     3
         Condenser vane    |       |       |       |       |       |       |       |     1 |     2 ||     3
         Lightning rod     |       |       |       |       |       |       |       |       |     4 ||     4
    Use: Scroll            |     8 |     7 |     2 |     9 |    14 |     1 |     4 |    14 |     4 ||    63
         Potion            |       |     1 |       |     4 |       |       |     5 |     2 |     6 ||    18
   Stab: Sleeping          |     1 |       |       |       |       |       |       |       |       ||     1
         Distracted        |       |       |       |     1 |     2 |       |       |       |     2 ||     5
         Paralysed         |       |       |       |    17 |     3 |       |       |       |     3 ||    23
         Invisible         |       |       |       |       |       |       |       |       |    14 ||    14
         Confused          |       |       |       |       |       |       |       |       |    12 ||    12
 Armour: Animal skin       |    57 |       |       |       |       |       |       |       |       ||    57
         Scale mail        |       |   140 |     8 |       |       |       |       |       |       ||   148
         Chain mail        |       |       |   179 |       |       |       |       |       |       ||   179
         Plate armour      |       |       |   130 |     1 |       |       |       |       |       ||   131
         Crystal plate arm |       |       |       |   607 |   654 |   609 |   655 |   658 |       ||  3183
         Gold dragon scale |       |       |       |       |       |       |       |   374 |   824 ||  1198
  Dodge: Dodged            |    47 |    53 |   126 |    89 |   224 |   150 |   234 |   305 |   421 ||  1649
  Block: Kite shield       |       |       |       |   198 |   610 |       |       |       |       ||   808
         Reflection        |       |       |       |     2 |    11 |   137 |    63 |    81 |    60 ||   354
         Tower shield      |       |       |       |       |   147 |  1343 |  1611 |  1887 |  2143 ||  7131

Table legend: (Time is in decaauts)
 A = Elapsed time spent in this place.
 B = Non-inter-level travel time spent in this place.
 C = Inter-level travel time spent in this place.
 D = Time resting spent in this place.
 E = Time spent auto-exploring this place.
 F = Levels seen in this place.
 G = Mean time per level.
                   A        B        C        D        E       F      G
               +--------+--------+--------+--------+--------+-----+--------+
         Total |  75836 |  70427 |   5409 |  10517 |  45205 |  69 | 1099.1 |
       Dungeon |  18748 |  16497 |   2251 |   1824 |  11557 |  15 | 1249.9 |
          Lair |   6401 |   5692 |    709 |    117 |   4364 |   5 | 1280.2 |
         Swamp |   4277 |   4069 |    208 |   1058 |   2147 |   4 | 1069.2 |
     Snake Pit |   5053 |   4898 |    155 |    240 |   3862 |   4 | 1263.2 |
    Slime Pits |   3114 |   2901 |    213 |    850 |   1449 |   5 |  622.8 |
  Orcish Mines |   1859 |   1669 |    190 |    282 |    986 |   2 |  929.5 |
   Elven Halls |   3895 |   3639 |    256 |    211 |   2559 |   3 | 1298.3 |
        Vaults |   9512 |   8952 |    560 |    929 |   6219 |   5 | 1902.4 |
         Crypt |   3167 |   3038 |    129 |      0 |   2245 |   3 | 1055.7 |
        Depths |   7684 |   7231 |    453 |   1978 |   3903 |   4 | 1921.0 |
          Hell |    895 |    882 |     13 |    275 |    295 |   1 |  895.0 |
           Zot |   7327 |   7060 |    267 |   2071 |   3862 |   5 | 1465.4 |
   Pandemonium |   2272 |   2272 |      0 |    424 |   1062 |   9 |  252.4 |
         Trove |    116 |    116 |      0 |      0 |     46 |   1 |  116.0 |
       Ossuary |    281 |    281 |      0 |      0 |    143 |   1 |  281.0 |
        Bailey |    724 |    724 |      0 |    196 |    265 |   1 |  724.0 |
      Ice Cave |    502 |    502 |      0 |     60 |    241 |   1 |  502.0 |
               +--------+--------+--------+--------+--------+-----+--------+

Top non-repeatable levels by time:
Depths:1: 2525 daAuts
   Zot:4: 2417 daAuts
Vaults:4: 2402 daAuts
    D:10: 2355 daAuts
Vaults:5: 2339 daAuts
   Zot:1: 2053 daAuts
Vaults:2: 2026 daAuts
Depths:4: 1985 daAuts
Depths:3: 1859 daAuts
    D:15: 1839 daAuts
     D:8: 1751 daAuts
  Lair:5: 1723 daAuts
 Crypt:3: 1635 daAuts
   Zot:3: 1585 daAuts
 Snake:3: 1577 daAuts
